 Dungeon Crawl Stone Soup version 0.25.1-2-g60ff931df9 (webtiles) character file.

Game seed: 7710512100301757755

324 RUZZLEFAZAZZLE the Chopper (level 6, -1/56 HPs)
             Began as a Hill Orc Fighter on Aug 24, 2020.
             Slain by a wraith (6 damage)
             ... in an ossuary.
             The game lasted 00:10:28 (3398 turns).

RUZZLEFAZAZZLE the Chopper (Hill Orc Fighter)       Turns: 3398, Time: 00:10:28

Health: -1/56      AC: 11    Str: 18 (21) XL:     6   Next: 48%
Magic:  6/6        EV:  7    Int:  7 (8)  God:
Gold:   192        SH:  9    Dex:  7 (10) Spells: 5/5 levels left

rFire    + . .     SeeInvis .   a - +0 war axe
rCold    x . .     Gourm    .   c - +0 kite shield
rNeg     . . .     Faith    .   b - +0 scale mail
rPois    .         Spirit   .   (no helmet)
rElec    .         Reflect  .   g - +2 cloak
rCorr    .         Harm     .   o - +0 pair of gloves
MR       .....                  (no boots)
Stlth    ..........             (no amulet)
HPRegen  0.18/turn              j - ring of fire
MPRegen  0.10/turn              (no ring)

@: mighty, flying, hasted and slowed
A: no striking features
a: no special abilities


You were in an ossuary.
You were not hungry.

You visited 1 branch of the dungeon, and saw 4 of its levels.
You also visited: Ossuary.

You collected 192 gold pieces.

Inventory:

Hand Weapons
 a - a +0 war axe (weapon)
Armour
 b - a +0 scale mail (worn)
 c - a +0 kite shield (worn)
 g - a +2 cloak (worn)
 o - a +0 pair of gloves (worn)
 p - a +0 pair of gloves
Jewellery
 j - a ring of fire (left hand)
Scrolls
 e - 4 scrolls of remove curse
 h - a scroll of fear
 i - 2 scrolls of fog
 l - a scroll of amnesia
 m - 8 scrolls of identify
 n - a scroll of magic mapping
Potions
 d - 2 potions of might
Comestibles
 f - 5 rations


   Skills:
 + Level 5.0 Fighting
 * Level 5.8 Axes
 + Level 4.4 Armour
 + Level 4.5 Shields


You had 5 spell levels left.
You didn't know any spells.
Your spell library contained the following spells:

 Spells                   Type           Power        Failure   Level  Hunger
 Magic Dart               Conj           #...         99%         1    ##.....
 Blink                    Tloc           N/A          100%        2    ###....
 Call Imp                 Summ           #.......     100%        2    ###....
 Slow                     Hex            #.......     100%        2    ###....
 Conjure Flame            Conj/Fire      #.......     100%        3    ####...
 Mephitic Cloud           Conj/Pois/Air  #.......     100%        3    ####...


Dungeon Overview and Level Annotations

Branches:
Dungeon (4/15)            Ossuary (1/1)
 Temple: D:4-7

Altars:
Trog
Yredelemnul

Annotations:
D:4 Pikel


Message History

It was a potion of flight.
You feel very buoyant.
You fly up into the air.
The wraith barely misses you.
You closely miss the wraith.
The wraith is almost destroyed.
You block the wraith's attack.
You closely miss the wraith.
The wraith is almost destroyed.
The wraith hits you.
* * * LOW HITPOINT WARNING * * *
The wraith drains your vigour!
You feel as though you will be slow longer.
The wraith hits you but does no damage.
Your shield and scale mail prevent you from hitting the wraith.
The wraith is almost destroyed.
You block the wraith's attack.
You hit the wraith but do no damage.
The wraith is almost destroyed.
The wraith hits you.
You die...

## .. ..##
..##### ..##
.##...##...## .
##.!??.##...# ..
#..??!!.W...+
...##...?W##@..#
#...##...##...##
. #...#####...##
... #.........##
....#####'#####.
.................
.................
########'''######
####...#


You could see a wraith.

Vanquished Creatures
  A water moccasin (D:3)
  2 mummies
  3 gnolls (D:2)
  6 adders
  2 worms
  5 dart slugs
  4 leopard geckos
  2 orcs (D:3)
  3 giant cockroaches
  7 goblins
  8 hobgoblins
  A quokka (D:2)
  13 bats
  5 frilled lizards
  4 gnoll skeletons (Ossuary)
  A hobgoblin zombie (D:4)
  14 kobolds
  2 kobold skeletons (Ossuary)
  4 orc skeletons (Ossuary)
  12 rats
99 creatures vanquished.

Notes
Turn   | Place    | Note
-------+----------+-------------------------------------------
     0 | D:1      | RUZZLEFAZAZZLE the Hill Orc Fighter began the quest for the
                  | Orb.
     0 | D:1      | Reached XP level 1. HP: 19/19 MP: 1/1
   347 | D:1      | Reached XP level 2. HP: 22/27 MP: 2/2
   562 | D:1      | Reached XP level 3. HP: 33/33 MP: 3/3
   994 | D:2      | Reached XP level 4. HP: 36/40 MP: 4/4
  1332 | D:2      | Found a basalt altar of Yredelemnul.
  1466 | D:2      | Found a bloodstained altar of Trog.
  1690 | D:3      | Reached XP level 5. HP: 44/47 MP: 5/5
  1982 | D:3      | Found a faded altar of an unknown god.
  2214 | D:3      | Reached skill level 5 in Axes
  2360 | D:3      | Noticed a water moccasin
  2367 | D:3      | Killed a water moccasin
  2367 | D:3      | Reached XP level 6. HP: 26/55 MP: 6/6
  3170 | D:4      | Noticed a slave
  3172 | D:4      | Noticed a slave
  3173 | D:4      | Noticed Pikel
  3206 | D:4      | Found a sand-covered staircase.
  3215 | Ossuary  | Entered an ossuary
  3215 | Ossuary  | Noticed a wraith
  3215 | Ossuary  | Noticed a wraith
  3215 | Ossuary  | Noticed a wraith
  3248 | Ossuary  | Reached skill level 5 in Fighting
  3370 | Ossuary  | Noticed a wraith
  3398 | Ossuary  | Slain by a wraith

Illustrated notes

Levels and vault maps discovered:
D:1:      dpeg_arrival_arbitrary_a, layout_basic
D:2:      layout_rooms, overflow_temple_1_default, trog_hazing_becter
D:3:      minmay_spotlight, layout_basic, chequers_ecumenical_altar_simple,
          hex_tiny, minmay_fractal_squares_diagonal_5
D:4:      layout_loops_corners, kennysheep_mini, lemuel_doored_altar,
          nicolae_ossuary_entry_giza, uniq_sigmund, uniq_ijyb, uniq_pikel
Ossuary:  ossuary_due_mausoleum

Skill      XL: |  1  2  3  4  5  6 |
---------------+-------------------+-----
Axes           | 3 4 5 |  5.8
Fighting       | 4 5 |  5.0
Shields        | 4 |  4.5
Armour         | 4 |  4.4

Action                   |  1- 3 |  4- 6 || total
-------------------------+-------+-------++-------
Melee: War axe           |   126 |   229 ||   355
  Use: Scroll            |       |     8 ||     8
       Potion            |       |     5 ||     5
 Stab: Distracted        |       |     1 ||     1
  Eat: Chunk             |       |     7 ||     7
       Ration            |       |     1 ||     1
Armor: Scale mail        |    80 |   140 ||   220
Dodge: Dodged            |    55 |    66 ||   121
Block: Kite shield       |    74 |   136 ||   210
